 Dungeon Crawl Stone Soup version 0.30.1-11-g7821555f0a (webtiles) character file.

Game seed: 2394228818406211698

7 Dordric the Trooper (level 1, -1/18 HPs)
             Began as a Demonspawn Monk on Oct 30, 2023.
             Slain by a frilled lizard (2 damage)
             ... on level 1 of the Dungeon.
             The game lasted 00:00:13 (174 turns).

Dordric the Trooper (Demonspawn Monk)                Turns: 174, Time: 00:00:14

Health: -1/18      AC:  2    Str: 11    XL:     1   Next: 83%
Magic:  1/2        EV: 12    Int: 11    God:
Gold:   21         SH:  0    Dex: 15    Spells: 0/0 levels left

rFire   . . .        a - +0 mace
rCold   . . .        d - orb {light}
rNeg    . . .        b - +0 robe
rPois   .            (no helmet)
rElec   .            (no cloak)
rCorr   .            (no gloves)
SInv    .            (no boots)
Will    .....        (no amulet)
Stlth   +            (no ring)
HPRegen 0.23/turn    (no ring)
MPRegen 0.08/turn

%: no passive effects
@: glowing
A: no striking features
a: no special abilities


You were on level 1 of the Dungeon.
You visited 1 branch of the dungeon, and saw 1 of its levels.

You collected 21 gold pieces.

Inventory:

Hand Weapons
 a - a +0 mace (weapon)
Armour
 b - a +0 robe (worn)
 d - an orb of light (worn)
Jewellery
 e - an amulet of magic regeneration
Scrolls
 f - a scroll of identify {unknown}
Potions
 c - a potion of ambrosia


   Skills:
 - Level 3.0 Fighting
 + Level 2.9 Maces & Flails
 - Level 2.6 Dodging
 + Level 1.3 Invocations


You couldn't memorise any spells.
You didn't know any spells.
Your spell library was empty.

Dungeon Overview and Level Annotations

Branches:
Dungeon (1/15)

Altars:


Message History

The frilled lizard bites you. The jackal bites you.
You hit the jackal.
The jackal is almost dead.
The frilled lizard bites you. The jackal bites you.
The frilled lizard bites you.
You are too injured to fight recklessly!
You are too injured to fight recklessly!
You are too injured to fight recklessly!
You are too injured to fight recklessly!
You are too injured to fight recklessly!
You are too injured to fight recklessly!
You are too injured to fight recklessly!
You are too injured to fight recklessly!
You are too injured to fight recklessly!
You are too injured to fight recklessly!
You are too injured to fight recklessly!
You are too injured to fight recklessly!
You are too injured to fight recklessly!
You are too injured to fight recklessly!
You are too injured to fight recklessly!
You are too injured to fight recklessly!
You hit the jackal but do no damage.
The jackal is almost dead.
The jackal misses you. The jackal bites you.
* * * LOW HITPOINT WARNING * * *
The frilled lizard bites you.
* * * LOW HITPOINT WARNING * * *
You hit the jackal but do no damage.
The jackal is almost dead.
The jackal misses you. The frilled lizard misses you.
The jackal closely misses you.
You closely miss the jackal.
The jackal is almost dead.
The jackal barely misses you. The frilled lizard closely misses you.
The jackal barely misses you. The frilled lizard bites you.
* * * LOW HITPOINT WARNING * * *
You thump the jackal!
You kill the jackal!
The jackal barely misses you. The frilled lizard bites you.
You die...

#...####.#.#.#.###.#.
##..........#.### #.#.
#...#####.#.#.#####.#.
#...#####.#...........
............#.######..
.#.#.....#.#.# #.. #
#.....#.#.# #..
#.#.##....#.#.######..
#...h@................
......#l........######..
....# #...###.....# #..
#.# #.#.# #.#...# #.. #
....###.#...####..
..................
.###.#####.#.#.....
#.#####.#.#....#
#..............#


You could see a jackal and a frilled lizard.

Vanquished Creatures
  An endoplasm (D:1)
  A goblin (D:1)
  3 jackals (D:1)
  A kobold (D:1)
6 creatures vanquished.

Notes
Turn   | Place    | Note
-------+----------+-------------------------------------------
     0 | D:1      | Dordric the Demonspawn Monk began the quest for the Orb.
     0 | D:1      | Reached XP level 1. HP: 18/18 MP: 1/1
    92 | D:1      | Reached skill level 1 in Invocations
   174 | D:1      | Slain by a frilled lizard

Illustrated notes

Levels and vault maps discovered:
D:1:      lemuel_arrival_broad_hall, layout_basic

Skill      XL: |  1 |
---------------+----+-----
Invocations    | 1 |  1.3
Fighting       | |  3.0
Maces & Flails | |  2.9
Dodging        | |  2.6

Action                     || total
---------------------------++-------
  Melee: Mace              ||    20
 Armour: Robe              ||     7
  Dodge: Dodged            ||    19
